 Dungeon Crawl Stone Soup version 0.18.1-48-g4cf74bf (webtiles) character file.

2475 dvd the Covert (level 9, 0/63 HPs)
             Began as an Octopode Assassin on June 26, 2016.
             Was a Believer of Dithmenos.
             Slain by a gnoll
             ... wielding a +0 flail
              (15 damage)
             ... on level 9 of the Dungeon on June 27, 2016.
             The game lasted 00:25:19 (8840 turns).

dvd the Covert (Octopode Assassin)                  Turns: 8840, Time: 00:25:19

Health: 0/63       AC:  1    Str: 13    XL:     9   Next: 51%
Magic:  7/19       EV: 15    Int: 13    God:    Dithmenos [**....]
Gold:   502        SH:  0    Dex: 14    Spells: 2 memorised, 7 levels left

rFire  . . .     SeeInvis .     a - +3 dagger (venom)
rCold  . . .     Gourm    .     (no shield)
rNeg   . . .     Faith    +     (helmet restricted)
rPois  .         Spirit   .     t - amulet of faith
rElec  +         Dismiss  .     j - ring of protection from magic
rCorr  .         Reflect  .     (no ring)
SustAt .         Harm     .     F - ring of magical power
MR     ++...                    (no ring)
Stlth  +++++++++.               (no ring)
                                (no ring)
                                (no ring)
                                (no ring)

@: very slightly contaminated, wreathed by umbra, very resistant to hostile
enchantments, incredibly stealthy
A: almost no armour, amphibious, 8 rings, constrict 8, camouflage 1, magic
resistance 1, robust 1, electricity resistance, gelatinous body 1
a: Shadow Step, Renounce Religion


You were on level 9 of the Dungeon.
You worshipped Dithmenos.
Dithmenos was pleased with you.
You were hungry.

You visited 2 branches of the dungeon, and saw 10 of its levels.

You collected 502 gold pieces.

Inventory:

Hand Weapons
 a - a +3 dagger of venom (weapon)
 b - a +0 blowgun
 d - a +0 dagger of electrocution
 v - a +2 dagger
 y - a +1 vampiric dagger
 H - a +1 shortbow of evasion
Missiles
 c - 15 poisoned needles
 x - 4 needles of sleeping
Jewellery
 j - a ring of protection from magic (left tentacle)
 t - an amulet of faith (around mantle)
 u - an uncursed amulet of harm
 C - an uncursed ring of ice
 F - a ring of magical power (on tentacle)
Wands
 g - a wand of enslavement (17/24)
 k - a wand of slowing (30/48)
Scrolls
 h - 3 scrolls of remove curse
 o - 2 scrolls of amnesia
 p - 2 scrolls of magic mapping
 r - 9 scrolls of identify
 s - 2 scrolls of teleportation
 B - a scroll of enchant weapon
 E - 2 scrolls of recharging
Potions
 e - a potion of curing
 i - a potion of haste {unknown}
 n - a potion of cancellation
 q - 2 potions of agility
 A - a potion of magic
 G - a potion of flight
 K - a potion of ambrosia {unknown}
Books
 D - a book of Conjurations

   Spells                             Type                      Level
   a - Magic Dart                     Conjuration                  1
   b - Searing Ray                    Conjuration                  2
   c - Dazzling Spray                 Conjuration/Hexes            3
   d - Fulminant Prism                Conjuration/Hexes            4
   e - Iskenderun's Mystic Blast      Conjuration                  4
   f - Iskenderun's Battlesphere      Conjuration/Charms           5
Comestibles
 f - 3 bread rations
 l - 4 meat rations
 m - 4 fruits
 w - a chunk of flesh
 z - 3 slices of pizza


   Skills:
 + Level 4.2 Fighting
 + Level 4.7 Short Blades
 + Level 3.7 Throwing
 + Level 5.8 Dodging
 + Level 12.9 Stealth
 + Level 1.0 Spellcasting
 + Level 0.8 Conjurations


You had 7 spell levels left.
You knew the following spells:

 Your Spells              Type           Power        Failure   Level  Hunger
a - Magic Dart            Conj           #...         21%         1    ##.....
b - Searing Ray           Conj           #.....       30%         2    ###....


Dungeon Overview and Level Annotations

Branches:
Dungeon (8/15)             Temple (1/1) D:5
   Lair: D:8-11

Altars:
Ashenzari
Cheibriados
Dithmenos
Elyvilon
Fedhas
Gozag
Kikubaaqudgha
Makhleb
Nemelex Xobeh
Okawaru
Pakellas
Qazlal
Ru
Sif Muna
Trog
Vehumet
Xom
Yredelemnul
Zin
The Shining One

Annotations:
D:5 Rationalist's ghost, novice MiFi
D:8 Malvoorn's ghost, novice DrWz; Prince Ribbit


Innate Abilities, Weirdness & Mutations

You cannot wear most types of armour.
You are amphibious.
You can wear up to eight rings at the same time.
You can use your tentacles to constrict eight enemies at once.
Your skin changes colour to match your surroundings (Stealth).
Your rubbery body absorbs attacks (AC +1).
You are resistant to hostile enchantments.
You are robust (+10% HP).
You are resistant to electric shocks.


Message History

The gnoll misses you.
Casting: Searing Ray
Confirm with . or Enter, or press ? or * to list all spells.
Aiming: Magic Dart
Press: ? - help, Shift-Dir - straight line, f/p - gnoll
Aim: a gnoll, wielding a flail (umbra)
You miscast Magic Dart.
Sparks fly from your tentacles! The gnoll hits you with a flail!
* * * LOW HITPOINT WARNING * * *
Found 18 gold pieces.
Found a stone staircase leading up.
There is a stone staircase leading up here.
You barely miss the gnoll. Your grab misses the gnoll. You hit the gnoll.
The gnoll is poisoned.
Your grab misses the gnoll.
The gnoll is moderately wounded.
The gnoll hits you with a flail!
* * * LOW HITPOINT WARNING * * *
Drink which item? (? for menu, Esc to quit)
You feel better. The gnoll hits you with a flail!
You die...

#... #......._..+...#..##...).))
#..##..............#รท...#####..
#.......##.....##.....### ###
##..##...###.####....##
#..##..###...#......#
#..##...=...........##
##.##................#
#..##...####...###....# #..
##.## #@g.# ####... #.. ...#
#...# #... ..... #...## #..
####. .....# #. ##.....# #.....#
#....$# #....<.


You could see a gnoll.

Vanquished Creatures
  Sigmund (D:4)
  Eustachio (D:4)
  A hippogriff (D:4)
  An ice beast (D:5)
  A phantom (D:6)
  A sky beast (D:6)
  A black bear (D:7)
  3 centaurs
  3 ogres
  A giant frog (D:9)
  A gnoll sergeant (D:9)
  A scorpion (D:6)
  3 crimson imps
  A hound (D:5)
  A quasit (D:7)
  A jelly (D:7)
  4 orc priests
  A gnoll shaman (D:6)
  Natasha (thrice) (D:4)
  An iguana (D:6)
  8 orc wizards
  3 worker ants
  A howler monkey skeleton (D:4)
  4 gnolls
  7 adders
  A shadow imp (D:6)
  A white imp (D:9)
  An ooze (D:4)
  6 worms
  3 dart slugs
  3 giant geckos
  18 orcs
  3 ball pythons
  7 bats
  5 giant cockroaches
  12 hobgoblins
  16 jackals
  8 quokkas
  3 giant gecko skeletons
  4 giant newts
  9 goblins
  A goblin skeleton (D:9)
  A goblin zombie (D:9)
  4 hobgoblin zombies (D:9)
  8 kobolds
  2 kobold skeletons (D:9)
  A kobold zombie (D:9)
  An orc skeleton (D:9)
  2 orc zombies (D:9)
  5 rats
179 creatures vanquished.

Notes
Turn   | Place    | Note
--------------------------------------------------------------
     0 | D:1      | dvd the Octopode Assassin began the quest for the Orb.
     0 | D:1      | Reached XP level 1. HP: 14/14 MP: 1/1
   335 | D:1      | Reached XP level 2. HP: 18/19 MP: 2/2
   394 | D:1      | Reached skill level 6 in Stealth
   865 | D:1      | Reached XP level 3. HP: 23/24 MP: 3/3
  1348 | D:2      | Reached XP level 4. HP: 10/30 MP: 4/4
  1361 | D:2      | HP: 1/30 [poisoned by an adder]
  1729 | D:2      | Reached skill level 7 in Stealth
  2675 | D:3      | Reached XP level 5. HP: 35/35 MP: 5/5
  2927 | D:3      | Gained mutation: You are resistant to hostile enchantments. [potion of mutation]
  2927 | D:3      | Gained mutation: You are resistant to electric shocks. [potion of mutation]
  2927 | D:3      | Gained mutation: You are robust (+10% HP). [potion of mutation]
  3219 | D:4      | Noticed Eustachio
  3224 | D:4      | Noticed Natasha
  3226 | D:4      | Noticed a hippogriff
  3237 | D:4      | Killed a hippogriff
  3237 | D:4      | Reached skill level 8 in Stealth
  3237 | D:4      | Reached XP level 6. HP: 14/45 MP: 6/6
  3246 | D:4      | Killed Natasha
  3256 | D:4      | Killed Eustachio
  3256 | D:4      | Reached skill level 9 in Stealth
  3512 | D:4      | Found a bloodstained altar of Trog.
  3544 | D:4      | Noticed Natasha
  3559 | D:4      | Killed Natasha
  3559 | D:4      | Reached XP level 7. HP: 26/50 MP: 7/7
  3925 | D:4      | Reached skill level 10 in Stealth
  4041 | D:4      | Noticed Sigmund
  4047 | D:4      | Killed Sigmund
  4264 | D:5      | Entered Level 5 of the Dungeon
  4300 | D:5      | Found a staircase to the Ecumenical Temple.
  4307 | Temple   | Entered the Ecumenical Temple
  4513 | Temple   | Became a worshipper of Dithmenos the Shadowed
  4567 | D:5      | Reached XP level 8. HP: 57/57 MP: 8/8
  4872 | D:5      | Noticed Rationalist's ghost (novice MiFi)
  4917 | D:4      | Noticed Natasha
  4930 | D:4      | HP: 1/57 [Natasha (8)]
  4931 | D:4      | Killed Natasha
  4931 | D:4      | Reached skill level 11 in Stealth
  5276 | D:5      | Found a burning altar of Makhleb.
  5905 | D:6      | Found a glowing silver altar of Zin.
  6266 | D:6      | Learned a level 1 spell: Magic Dart
  6449 | D:6      | Reached skill level 12 in Stealth
  6611 | D:6      | Reached * piety under Dithmenos
  6619 | D:6      | Reached skill level 5 in Dodging
  6634 | D:6      | Reached XP level 9. HP: 49/63 MP: 9/9
  7824 | D:8      | Noticed Malvoorn's ghost (novice DrWz)
  8145 | D:8      | Noticed Prince Ribbit
  8229 | D:8      | Learned a level 2 spell: Searing Ray
  8242 | D:8      | You fall through a shaft!
  8242 | D:9      | Found a glowing golden altar of the Shining One.
  8255 | D:9      | Reached ** piety under Dithmenos
  8660 | D:9      | Reached skill level 1 in Spellcasting
  8840 | D:9      | Slain by a gnoll

Skill      XL: |  1  2  3  4  5  6  7  8  9 |
---------------+----------------------------+-----
Stealth        | 6 7 8 9 10 12 | 12.9
Dodging        | 2 4 5 |  5.8
Fighting       | 3 4 |  4.2
Short Blades   | 3 4 |  4.7
Throwing       | 3 |  3.7
Spellcasting   | 1 |  1.0
Conjurations   | |  0.8

Action                   |  1- 3 |  4- 6 |  7- 9 || total
-------------------------+-------+-------+-------++-------
Melee: Dagger            |    56 |   101 |   227 ||   384
       Constrict         |    10 |    19 |    41 ||    70
       Tentacles         |     7 |    12 |    53 ||    72
 Fire: Blowgun           |       |     9 |    17 ||    26
 Cast: Magic Dart        |       |       |    15 ||    15
       Searing Ray       |       |       |     4 ||     4
  Use: Potion            |       |    10 |     5 ||    15
       Scroll            |       |    10 |     5 ||    15
 Stab: Sleeping          |    15 |    15 |    34 ||    64
       Distracted        |     1 |     1 |     1 ||     3
  Eat: Chunk             |     1 |     6 |    19 ||    26
Armor: Skin              |     4 |     4 |     3 ||    11
Dodge: Dodged            |    21 |    51 |   124 ||   196
